 Dungeon Crawl Stone Soup version 0.24-a0-388-gb57f36d6e0 (webtiles) character file.

Game seed: 11208049894542115220

35695 Peloso the Fencer (level 13, -5/116 HPs)
             Began as a Minotaur Fighter on June 4, 2019.
             Was a High Priest of Okawaru.
             Slain by a basilisk (6 damage)
             ... while petrified by a basilisk
             ... on level 6 of the Lair of Beasts.
             The game lasted 00:42:19 (17045 turns).

Peloso the Fencer (Minotaur Fighter)               Turns: 17045, Time: 00:42:20

Health: -5/116     AC: 21    Str: 22    XL:     13   Next: 49%
Magic:  0/13       EV:  2    Int:  8    God:    Okawaru [*****.]
Gold:   662        SH:  0    Dex: 19    Spells: 12/12 levels left

rFire    + + .     SeeInvis .   a - +9 double sword (slice)
rCold    . . .     Gourm    .   c - +0 shield
rNeg     + + +     Faith    .   w - +3 plate armour {rF+}
rPois    ∞         Spirit   +   X - +0 hat of the Morning {+Inv rF+ Int+3}
rElec    .         Reflect  +   u - scarf {Spirit}
rCorr    .         Harm     .   (no gloves)
MR       .....                  (no boots)
Stlth    ..........             V - +2 amulet of reflection
HPRegen  0.29/turn              L - +5 ring of dexterity
MPRegen  0.13/turn              T - +5 ring of slaying

@: lethally poisoned (-5 -> -5), petrified, heroism, marked, very slightly
contaminated
A: retaliatory headbutt, horns 2
a: Heroism, Finesse, Renounce Religion, Evoke Invisibility


You were on level 6 of the Lair of Beasts.
You worshipped Okawaru.
Okawaru was extremely pleased with you.
You were very hungry.

You visited 3 branches of the dungeon, and saw 18 of its levels.
You also visited: Sewer.

You collected 1070 gold pieces.
You spent 408 gold pieces at shops.

Inventory:

Hand Weapons
 a - a +9 double sword of slicing (weapon)
 b - the +8 long sword of Suomoxa {antimagic, +Blink rElec rC+ rN+ Dex+4}
   (Okawaru gifted it to you on level 3 of the Lair of Beasts)

   It reduces the magical energy of the wielder, and disrupts the spells and
   magical abilities of those hit.
   Natural abilities and divine invocations are not affected.
   It affects your dexterity (+4).
   It protects you from cold.
   It insulates you from electricity.
   It protects you from negative energy.
   It lets you blink.
Armour
 c - a +0 shield (worn)
 g - +1 ice dragon scales
 u - a scarf of spirit shield (worn)
 w - a +3 plate armour of fire resistance (worn)
 I - a +0 cloak
 X - the +0 hat of the Morning (worn) {+Inv rF+ Int+3}
   (Okawaru gifted it to you on level 4 of the Lair of Beasts)

   It affects your intelligence (+3).
   It protects you from fire.
   It lets you turn invisible.
Jewellery
 C - an uncursed ring of protection from magic
 F - an uncursed ring of flight
 L - a +5 ring of dexterity (left hand)
 Q - an uncursed ring of protection from magic
 T - a +5 ring of slaying (right hand)
 V - a +2 amulet of reflection (around neck)
Wands
 d - a wand of polymorph (5)
 e - a wand of enslavement (8)
 h - a wand of scattershot (5)
 G - a wand of digging (1)
 P - a wand of flame (13)
Scrolls
 j - 2 scrolls of teleportation
 k - 9 scrolls of fear
 p - 3 scrolls of fog
 r - 10 scrolls of remove curse
 K - 6 scrolls of blinking
 N - a scroll of summoning
Potions
 n - 3 potions of agility
 o - 3 potions of flight
 t - a potion of heal wounds
 A - 3 potions of resistance
 H - 2 potions of curing
 W - 2 potions of haste
Comestibles
 f - 31 rations


   Skills:
 + Level 11.2(16.2) Fighting
 + Level 16.2(21.2) Long Blades
 + Level 12.6(17.6) Armour
 + Level 2.7(7.7) Dodging
 + Level 1.8(6.8) Stealth
 + Level 14.1(19.1) Shields
 + Level 1.3 Invocations
 + Level 1.3 Evocations


You had 12 spell levels left.
You didn't know any spells.
Your spell library contained the following spells:

 Spells                   Type           Power        Failure   Level  Hunger
 Animate Skeleton         Necr           N/A          97%         1    ##.....
 Apportation              Tloc           #.....       97%         1    ##.....
 Confusing Touch          Hex            #.....       97%         1    ##.....
 Corona                   Hex            #......      97%         1    ##.....
 Freeze                   Ice            #...         97%         1    ##.....
 Magic Dart               Conj           #...         97%         1    ##.....
 Summon Small Mammal      Summ           #...         97%         1    ##.....
 Ensorcelled Hibernation  Hex/Ice        #.....       99%         2    ###....
 Poisonous Vapours        Pois/Air       #.....       99%         2    ###....
 Searing Ray              Conj           #.....       99%         2    ###....
 Sublimation of Blood     Necr           #.........   99%         2    ###....
 Throw Frost              Conj/Ice       #.....       99%         2    ###....
 Confuse                  Hex            #.......     100%        3    ####...
 Conjure Flame            Conj/Fire      #.......     100%        3    ####...
 Dazzling Spray           Conj/Hex       #.....       100%        3    ####...
 Ignite Poison            Fire/Tmut/Pois #.......     100%        3    ####...
 Mephitic Cloud           Conj/Pois/Air  #.......     100%        3    ####...
 Ozocubu's Armour         Chrm/Ice       #.......     100%        3    ####...
 Tukima's Dance           Hex            #.......     100%        3    ####...
 Force Lance              Conj/Tloc      #.......     100%        4    #####..
 Fulminant Prism          Conj/Hex       #.........   100%        4    #####..
 Iskenderun's Mystic Bla  Conj           #.......     100%        4    #####..
 Leda's Liquefaction      Hex/Erth       #.........   100%        4    #####..
 Petrify                  Tmut/Erth      #.......     100%        4    #####..
 Summon Ice Beast         Ice/Summ       #.......     100%        4    #####..
 Throw Icicle             Conj/Ice       #.......     100%        4    #####..
 Alistair's Intoxication  Tmut/Pois      #.......     100%        5    ######.
 Bolt of Magma            Conj/Fire/Erth #.........   100%        5    ######.
 Irradiate                Conj/Tmut      #.........   100%        5    ######.
 Freezing Cloud           Conj/Ice/Air   #.........   100%        6    #######
 Iron Shot                Conj/Erth      #.........   100%        6    #######
 Statue Form              Tmut/Erth      #........    100%        6    #######
 Ring of Flames           Chrm/Fire      #.........   100%        7    #######
 Shatter                  Erth           #.........   100%        9    #######


Dungeon Overview and Level Annotations

Branches:
Dungeon (11/15)            Temple (1/1) D:4            Lair (6/6) D:8
  Swamp (0/4) Lair:3       Spider (0/4) Lair:3          Orc (0/2) D:10
  Slime: Lair:5-6

Altars:
Ashenzari
Cheibriados
Dithmenos
Elyvilon
Fedhas
Gozag
Hepliaklqana
Kikubaaqudgha
Makhleb
Nemelex Xobeh
Okawaru
Qazlal
Ru
Sif Muna
Trog
Vehumet
Wu Jian
Xom
Yredelemnul
Zin
The Shining One

Shops:
D:4 %?(=   D:8 ?

Annotations:
D:4 1 runed translucent door, bosakos's ghost, amateur GnSk
D:11 2 runed translucent doors
Lair:1 exclusion: oklob plant
Lair:3 1 runed translucent door, Tidochel's ghost, journeyman DDFi
Lair:5 exclusion: oklob plant
Lair:6 Kirke


Innate Abilities, Weirdness & Mutations

You reflexively headbutt those who attack you in melee.
You have a pair of horns on your head.


Message History

* * * LOW HITPOINT WARNING * * *
The black mamba bites you.
* * * LOW HITPOINT WARNING * * *
The water moccasin bites you but does no damage.
The blink frog blinks! x2; The basilisk bites you!
* * * LOW HITPOINT WARNING * * *
The black mamba bites you but does no damage.
The water moccasin bites you.
* * * LOW HITPOINT WARNING * * *
The basilisk bites you but does no damage.
The blink frog completely misses you.
The black mamba bites you but does no damage.
The blink frog blinks! x2
The basilisk bites you but does no damage.
The water moccasin bites you but does no damage.
The blink frog blinks!
The black mamba bites you.
* * * LOW HITPOINT WARNING * * *
The black mamba bites you but does no damage.
The water moccasin bites you. The basilisk bites you!
You die...

#.!.. ###......
########.#.......
#................
........FFFF.....
......FlhlF......
...$..†§lSFF.....
.......@SlFS..r..
......FlSFFh.....
#.#.....#S#S...§
#.#.####h# h... #
## ##F.§....
....... ..@....
....... #h.....


You could see Kirke, a polar bear, a komodo dragon, 2 black mambas, 2 spiny
frogs, 4 basilisks, 3 hogs, 11 blink frogs, 4 water moccasins and a hell rat.

Vanquished Creatures
  A hydra (Lair:5)
  3 two-headed ogres
  2 centaur warriors (D:11)
  A tengu warrior (D:11)
  7 death yaks
  An ugly thing (D:11)
  3 cyclopes
  2 centaur zombies
  Joseph (D:7)
  6 black mambas
  11 spiny frogs
  A gargoyle (D:10)
  A rime drake (Lair:3)
  A spiny frog (shapeshifter) (D:11)
  6 komodo dragons
  A merfolk (D:9)
  A hornet (D:8)
  4 jumping spiders
  8 blink frogs
  6 hippogriffs
  3 redbacks
  4 yaks (D:10)
  3 wraiths
  2 wyverns
  A vampire (D:10)
  Grum (D:10)
  2 hungry ghosts
  3 basilisks
  4 vampire mosquitoes (Lair:3)
  2 acid dragons
  A soldier ant (D:11)
  9 water moccasins
  Duvessa (D:5)
  3 ice beasts
  4 porcupines
  2 black bears
  5 orc warriors
  A necrophage (D:8)
  3 sky beasts
  An eye of draining (D:11)
  3 phantoms
  2 ogres
  4 centaurs
  12 wolves
  6 crocodiles
  15 bullfrogs
  A big kobold (D:11)
  2 gnoll sergeants
  5 scorpions
  Dowan (D:5)
  6 killer bees (D:9)
  11 wights
  An electric eel (Lair:3)
  3 crimson imps
  7 howler monkeys
  A bullfrog zombie (D:9)
  A quasit (D:9)
  11 hounds
  2 bullfrog skeletons
  An orc priest (D:11)
  5 jellies
  4 centaur skeletons
  12 orc wizards
  Crazy Yiuf (D:7)
  3 iguanas
  13 worker ants
  A killer bee zombie (D:8)
  3 hound skeletons
  A howler monkey zombie (D:5)
  A worker ant zombie (D:5)
  16 gnolls
  18 adders
  9 oozes
  3 adder skeletons
  2 dart slugs
  4 leopard geckos
  49 orcs
  A ball python (D:2)
  10 giant cockroaches
  16 goblins
  10 hobgoblins
  17 jackals
  19 kobolds
  6 quokkas
  6 bats
  2 frilled lizards
  7 rats
  A butterfly (Lair:3)
  A fungus (Lair:4)
  A plant (Lair:4)
459 creatures vanquished.

Vanquished Creatures (others)
  A shadow (D:11)
  8 fungi
  7 plants
  10 toadstools (D:3)
26 creatures vanquished.

Grand Total: 485 creatures vanquished

Notes
Turn   | Place    | Note
-------+----------+-------------------------------------------
     0 | D:1      | Peloso the Minotaur Fighter began the quest for the Orb.
     0 | D:1      | Reached XP level 1. HP: 19/19 MP: 0/0
   149 | D:1      | Reached XP level 2. HP: 25/27 MP: 1/1
   235 | D:1      | Reached XP level 3. HP: 21/33 MP: 2/2
   661 | D:2      | Found a radiant altar of Vehumet.
   703 | D:2      | Found a bloodstained altar of Trog.
   863 | D:2      | Reached skill level 1 in Dodging
   885 | D:2      | Reached skill level 3 in Long Blades
   889 | D:2      | Reached XP level 4. HP: 38/41 MP: 3/3
  1339 | D:3      | Reached XP level 5. HP: 46/47 MP: 4/4
  1482 | D:3      | Reached skill level 4 in Long Blades
  1495 | D:3      | HP: 1/47 [acid (10)]
  2146 | D:3      | Reached skill level 5 in Armour
  2146 | D:3      | Reached XP level 6. HP: 36/55 MP: 5/5
  2503 | D:4      | Found Ysiwul's Magic Scroll Boutique.
  2510 | D:4      | Bought a scroll of identify for 26 gold pieces
  2510 | D:4      | Bought a scroll of fog for 26 gold pieces
  2510 | D:4      | Bought a scroll of remove curse for 39 gold pieces
  2511 | D:4      | Found Yrepp's Weapon Shop.
  2519 | D:4      | Found Wud Uvoppyk's Jewellery Shop.
  2574 | D:4      | Found an opulent altar of Gozag.
  2625 | D:4      | Reached skill level 5 in Long Blades
  2689 | D:4      | Found a staircase to the Ecumenical Temple.
  2703 | D:4      | Found Arim's Food Shop.
  2723 | Temple   | Entered the Ecumenical Temple
  3110 | D:4      | Found a runed translucent door.
  3112 | D:4      | Noticed bosakos's ghost (amateur GnSk)
  3383 | D:5      | Entered Level 5 of the Dungeon
  3487 | D:5      | Found a shattered altar of Ashenzari.
  3544 | D:5      | Reached skill level 5 in Fighting
  3544 | D:5      | Reached skill level 5 in Shields
  3641 | D:5      | Noticed a sky beast
  3649 | D:5      | Noticed Duvessa
  3649 | D:5      | Noticed Dowan
  3667 | D:5      | Killed a sky beast
  3667 | D:5      | Reached skill level 6 in Long Blades
  3667 | D:5      | Reached XP level 7. HP: 46/61 MP: 6/6
  3682 | D:5      | Killed Dowan
  3689 | D:5      | Killed Duvessa
  3746 | D:5      | Reached skill level 1 in Stealth
  3977 | D:5      | Reached skill level 7 in Long Blades
  4257 | D:6      | Reached XP level 8. HP: 49/69 MP: 5/7
  4431 | D:6      | Reached skill level 8 in Long Blades
  4488 | D:6      | Found an ancient bone altar of Kikubaaqudgha.
  4680 | D:6      | Found a glowing drain.
  4689 | Sewer    | Entered a sewer
  5170 | D:7      | Found a sparkling altar of Nemelex Xobeh.
  5170 | D:7      | Found a snail-covered altar of Cheibriados.
  5339 | D:7      | Found a runed translucent door.
  5340 | D:7      | Noticed Crazy Yiuf
  5414 | D:7      | Reached skill level 9 in Long Blades
  5446 | D:7      | Found an iron altar of Okawaru.
  5454 | D:7      | Reached XP level 9. HP: 68/75 MP: 5/8
  5464 | D:7      | Became a worshipper of Warmaster Okawaru
  5665 | D:7      | Noticed Joseph
  5684 | D:7      | HP: 3/75 [Joseph/+2 quarterstaff of speed (10)]
  5689 | D:7      | Killed Joseph
  5848 | D:7      | Found a hazy altar of Hepliaklqana.
  6066 | D:7      | Reached * piety under Okawaru
  6207 | D:7      | Killed Crazy Yiuf
  6386 | D:8      | Paralysed by a hornet for 3 turns
  6391 | D:8      | Reached skill level 10 in Long Blades
  6399 | D:8      | Found an ornate altar of the Wu Jian Council.
  6711 | D:8      | Found a staircase to the Lair.
  6805 | D:8      | Found Egyl's Magic Scroll Boutique.
  6829 | D:8      | Reached ** piety under Okawaru
  6879 | D:8      | Bought a scroll of enchant armour for 97 gold pieces
  6879 | D:8      | Bought a scroll of identify for 26 gold pieces
  6879 | D:8      | Bought a scroll of enchant weapon for 97 gold pieces
  6879 | D:8      | Bought a scroll of blinking for 97 gold pieces
  6888 | D:8      | Found a burning altar of Makhleb.
  7098 | D:8      | Found a white marble altar of Elyvilon.
  7257 | D:9      | Reached XP level 10. HP: 84/84 MP: 9/9
  7283 | D:9      | Reached skill level 11 in Long Blades
  7432 | D:9      | Reached *** piety under Okawaru
  7616 | D:9      | Reached skill level 10 in Shields
  7979 | D:9      | Found the +4 moon troll leather armour {Spirit, Regen++
                  | MP+5}
  8148 | D:10     | Entered Level 10 of the Dungeon
  8149 | D:10     | Noticed a two-headed ogre
  8161 | D:10     | Killed a two-headed ogre
  8161 | D:10     | Reached skill level 12 in Long Blades
  8471 | D:10     | Reached **** piety under Okawaru
  8688 | D:10     | Noticed a gargoyle
  8707 | D:10     | Killed a gargoyle
  9045 | D:10     | Reached XP level 11. HP: 73/94 MP: 10/10
  9134 | D:10     | Found a staircase to the Orcish Mines.
  9261 | D:10     | Noticed Grum
  9287 | D:10     | Killed Grum
  9313 | D:10     | Reached ***** piety under Okawaru
  9313 | D:10     | Reached skill level 10 in Armour
 10314 | D:11     | Reached skill level 13 in Long Blades
 10347 | D:11     | Noticed a tengu warrior
 10347 | D:11     | Noticed a centaur warrior
 10353 | D:11     | Noticed a centaur warrior
 10377 | D:11     | Killed a tengu warrior
 10377 | D:11     | Received a gift from Okawaru
 10388 | D:11     | Killed a centaur warrior
 10705 | D:11     | Noticed a two-headed ogre
 10712 | D:11     | Found a burning altar of Makhleb.
 10722 | D:11     | Killed a two-headed ogre
 10722 | D:11     | Reached skill level 1 in Invocations
 10885 | D:11     | Found a runed translucent door.
 10893 | D:11     | Killed a centaur warrior
 11144 | D:11     | Noticed a red ugly thing
 11144 | D:11     | Noticed a deep elf mage
 11145 | D:11     | Found a runed translucent door.
 11275 | D:11     | Noticed a white ugly thing
 11285 | D:11     | Killed a white ugly thing
 11353 | D:11     | Reached skill level 14 in Long Blades
 11353 | D:11     | Reached XP level 12. HP: 89/106 MP: 12/12
 11401 | D:11     | Noticed a two-headed ogre
 11408 | D:11     | Killed a two-headed ogre
 11408 | D:11     | Received a gift from Okawaru
 11800 | Lair:1   | Entered Level 1 of the Lair of Beasts
 12056 | Lair:1   | You fall into a shaft and drop 1 floor!
 12113 | Lair:2   | Reached skill level 10 in Fighting
 12919 | Lair:3   | Found a hole to the Spider Nest.
 13509 | Lair:3   | Received a gift from Okawaru
 13513 | Lair:3   | Got an ancient long sword {god gift}
 13514 | Lair:3   | Identified the +8 long sword of Suomoxa {antimagic, +Blink
                  | rElec rC+ rN+ Dex+4} (Okawaru gifted it to you on level 3
                  | of the Lair of Beasts)
 13546 | Lair:3   | Reached skill level 15 in Long Blades
 13574 | Lair:3   | Found a runed translucent door.
 13574 | Lair:3   | Noticed Tidochel's ghost (journeyman DDFi)
 13637 | Lair:3   | Found a staircase to the Swamp.
 14333 | Lair:4   | Noticed a death yak
 14333 | Lair:4   | Noticed a death yak
 14334 | Lair:4   | Noticed a death yak
 14335 | Lair:4   | Noticed a death yak
 14337 | Lair:4   | Noticed a death yak
 14343 | Lair:4   | Noticed a death yak
 14346 | Lair:4   | Killed a death yak
 14668 | Lair:3   | Killed a death yak
 14674 | Lair:3   | Killed a death yak
 14733 | Lair:4   | Killed a death yak
 14735 | Lair:4   | Received a gift from Okawaru
 14750 | Lair:3   | Killed a death yak
 14750 | Lair:3   | Reached XP level 13. HP: 34/114 MP: 13/13
 15180 | Lair:4   | Got a crude hat {god gift}
 15186 | Lair:4   | Identified the +0 hat of the Morning {+Inv rF+ Int+3}
                  | (Okawaru gifted it to you on level 4 of the Lair of Beasts)
 16568 | Lair:5   | Reached skill level 16 in Long Blades
 16568 | Lair:5   | Reached skill level 1 in Evocations
 17009 | Lair:6   | Entered Level 6 of the Lair of Beasts
 17043 | Lair:6   | Noticed Kirke
 17043 | Lair:6   | HP: 3/116 [basilisk (5)]
 17044 | Lair:6   | HP: 1/116 [black mamba (2)]
 17045 | Lair:6   | Slain by a basilisk

Levels and vault maps discovered:
D:1:      dpeg_arrival_simpleton_b, layout_loops_ring, feat_on_display
D:2:      layout_basic, vehumet_crystals, nicolae_overflow_crystal_walls,
          minmay_pentomino_w2
D:3:      cheibrodos_fertilizer, layout_basic, serial_glass, glass_columns_b,
          glass_columns_a, minmay_misc_feat_x
D:4:      layout_loops_cross, nicolae_gozag_seed_capital,
          minmay_temple_entry_glass, ebering_ghost_inner_flame, first_ration,
          serial_shops, nicolae_shop_trees, shop, nicolae_shop_waterfront, shop
D:5:      layout_basic, kennysheep_mini_moat, chequers_serial_rivers_large_b,
          uniq_duvessa
D:6:      layout_basic, kiku_gazebo_garden_becter, portal_sewer_entry_f,
          st_stairs_9, minmay_a_box_with_orc_wizards_in_it
D:7:      layout_basic, gammafunk_temple_overflow_elements, old_standard_altar,
          okawaru_altar_gauntlet_db, enter_bailey_3, uniq_crazy_yiuf_cottage,
          uniq_joseph
D:8:      layout_loops_corners, old_standard_altar, makhleb_heckhound_becter,
          nicolae_overflow_hidden_temple, lair_entry_dummy, serial_shops, shop,
          uniq_prince_ribbit1
D:9:      layout_basic, hangedman_fish_farm, minmay_fractal_squares_gapless_5
D:10:     layout_basic, david_orc_2, uniq_grum
D:11:     minmay_the_grid_triangle_9x9_recursive_3_mashed
          [minmay_the_grid_triangle_9x9_tough_junction,
          minmay_the_grid_triangle_9x9_corruption,
          minmay_the_grid_triangle_9x9_wacky_v,
          minmay_the_grid_triangle_9x9_prize_schism,
          minmay_the_grid_triangle_9x9_negative_grid,
          minmay_the_grid_triangle_9x9_windchime,
          minmay_the_grid_triangle_9x9_swiss_cheese,
          minmay_the_grid_triangle_9x9_skeleton,
          minmay_the_grid_triangle_9x9_corrupted_corridor], layout_small_grid,
          basic_altar
Temple:   nicolae_temple_figure_zero
Lair:1:   minmay_lair_oklob_tunnel, layout_loops_ring
Lair:2:   layout_cave_pods, lemuel_fruit_tree, serial_bayou_shore_b
Lair:3:   layout_chaotic_city, minmay_swamp_entry_swarm,
          nicolae_spider_entry_tight_spaces, hellmonk_ghost_happy_afterlife,
          lemuel_fruit_fields
Lair:4:   layout_loops_ring, serial_bayou_pond_e, cheibrodos_lair_reptile_den
Lair:5:   layout_cave_pods, minmay_lair_oklob_chamber
Lair:6:   evilmike_catoblepas_cave, layout_hall_layers, slime_altar_1,
          kennysheep_basilisk_garden, uniq_kirke

Skill      XL: |  1  2  3  4  5  6  7  8  9 10 11 12 13 |
---------------+----------------------------------------+-----
Armour         | 4 5 6 7 8 9 10 11 12 | 12.6
Shields        | 4 5 7 9 10 12 13 14 | 14.1
Fighting       | 4 5 6 8 9 10 11 | 11.2
Dodging        | 1 2 |  2.7
Long Blades    | 3 4 6 7 9 10 12 14 15 16 | 16.2
Stealth        | 1 |  1.8
Invocations    | 1 |  1.3
Evocations     | 1 |  1.3

Action                   |  1- 3 |  4- 6 |  7- 9 | 10-12 | 13-15 || total
-------------------------+-------+-------+-------+-------+-------++-------
Melee: Long sword        |    62 |   193 |   376 |   615 |       ||  1246
       Headbutt          |    10 |    36 |   104 |   209 |    30 ||   389
       Double sword      |       |       |       |   130 |   112 ||   242
Invok: Heroism           |       |       |       |    13 |     2 ||    15
Evoke: Wand              |       |       |       |       |     6 ||     6
  Use: Potion            |       |     1 |     3 |     1 |     1 ||     6
       Scroll            |       |       |    13 |     7 |     8 ||    28
  Eat: Chunk             |       |     9 |    12 |    19 |     7 ||    47
       Ration            |       |       |       |     2 |       ||     2
Armor: Scale mail        |    28 |    58 |       |       |       ||    86
       Plate armour      |       |    12 |   238 |   271 |    56 ||   577
Dodge: Dodged            |    41 |    61 |    88 |   164 |    37 ||   391
Block: Shield            |    32 |   102 |   251 |   509 |   110 ||  1004
       Rpst.: Long sword |    14 |    22 |    19 |    36 |       ||    91
       Double sword      |       |       |       |     9 |     9 ||    18

Table legend:
 A = Non-vault XP
 B = Vault XP
 C = Vault XP percentage of total XP
 D = Non-vault monster count
 E = Vault monster count
 F = Vault count percentage of total count
                 A         B        C        D         E       F
            +---------+---------+-------+---------+---------+-------
      Total |   38165 |   12828 |  25.2 |     349 |     107 |  23.5
            +---------+---------+-------+---------+---------+-------
        D:1 |      66 |       0 |   0.0 |      29 |       0 |   0.0
        D:2 |      39 |      41 |  51.2 |      16 |       2 |  11.1
        D:3 |     171 |     109 |  38.9 |      34 |      16 |  32.0
        D:4 |     147 |       0 |   0.0 |      14 |       0 |   0.0
        D:5 |     562 |     218 |  27.9 |      17 |       2 |  10.5
        D:6 |     657 |     248 |  27.4 |      21 |      10 |  32.3
        D:7 |     787 |     538 |  40.6 |      16 |      12 |  42.9
        D:8 |    1715 |      45 |   2.6 |      29 |       1 |   3.3
        D:9 |    2184 |     474 |  17.8 |      32 |       6 |  15.8
       D:10 |    4761 |    1094 |  18.7 |      41 |      11 |  21.2
       D:11 |    3792 |    5388 |  58.7 |      20 |      20 |  50.0
     Lair:1 |    1085 |       0 |   0.0 |       4 |       0 |   0.0
     Lair:2 |    1923 |     494 |  20.4 |      10 |       2 |  16.7
     Lair:3 |    7282 |    2059 |  22.0 |      20 |       9 |  31.0
     Lair:4 |    7518 |     494 |   6.2 |      26 |       7 |  21.2
     Lair:5 |    3057 |    1307 |  29.9 |       9 |       2 |  18.2
     Lair:6 |    2419 |     209 |   8.0 |      11 |       1 |   8.3
      Sewer |       0 |     110 | 100.0 |       0 |       6 | 100.0
            +---------+---------+-------+---------+---------+-------
